 Dungeon Crawl Stone Soup version 0.29.0-4-gdea44cf6ec (webtiles) character file.

Game seed: 16380173836963743954

105 qw the Chopper (level 4, -1/26 HPs)
             Began as a Tengu Warper on Aug 28, 2022.
             Slain by an orc wizard
             ... wielding a +0 dagger
              (2 damage)
             ... on level 3 of the Dungeon.
             The game lasted 00:00:13 (2284 turns).

qw the Chopper (Tengu Warper)                       Turns: 2284, Time: 00:00:14

Health: -1/26      AC:  3    Str: 14    XL:     4   Next: 83%
Magic:  8/8        EV: 12    Int: 13    God:
Gold:   146        SH:  0    Dex: 13    Spells: 7/7 levels left

rFire   + . .      SeeInvis .   Y - +5 hand axe
rCold   . . .      Faith    .   (no shield)
rNeg    . . .      Spirit   .   b - +0 leather armour
rPois   .          Reflect  .   (helmet restricted)
rElec   .          Harm     .   (no cloak)
rCorr   .          Rampage  .   (no gloves)
Will    .....                   (boots unavailable)
Stlth   +.........              (no amulet)
HPRegen 0.08/turn               f - +4 ring of slaying {mikee}
MPRegen 0.11/turn               a - ring of protection from fire

@: confused
A: beak, talons 3
a: no special abilities


You were on level 3 of the Dungeon.
You visited 1 branch of the dungeon, and saw 3 of its levels.

You collected 186 gold pieces.
You spent 40 gold pieces at shops.


Innate Abilities, Weirdness & Mutations

You have a beak for a mouth.
You have claws for feet.


   Skills:
 - Level 2.0 Fighting
 + Level 5.3 Axes
 - Level 1.0 Throwing
 - Level 1.1 Armour
 - Level 2.1 Dodging
 - Level 2.0 Spellcasting
 - Level 2.4 Translocations


You had 7 spell levels left.
You didn't know any spells.
Your spell library contained the following spells:

 Spells                   Type           Power      Damage    Failure   Level
 Blink                    Tloc           14%        N/A       19%         2
 Gell's Gravitas          Tloc           7%         N/A       34%         3
 Lesser Beckoning         Tloc           7%         N/A       34%         3
 Teleport Other           Tloc           7%         N/A       34%         3
 Manifold Assault         Tloc           7%         N/A       97%         5

Inventory:

Hand Weapons
 n - a +0 flail
 Y - a +5 hand axe (weapon)
Armour
 b - a +0 leather armour (worn)
Jewellery
 a - a ring of protection from fire (right hand)
 f - a +4 ring of slaying (left hand) {mikee}
Scrolls
 d - a scroll of teleportation
 g - a scroll of identify
 h - 2 scrolls of enchant armour {unknown}
 j - a scroll of amnesia {unknown}
Potions
 c - a potion of mutation {unknown}
 e - 2 potions of heal wounds {unknown}
 k - a potion of curing {unknown}
 o - 2 potions of ambrosia {unknown}

Dungeon Overview and Level Annotations

Branches:
Dungeon (3/15)

Altars:
Ru

Shops:
D:1 ?


Message History

You swing at nothing.
You barely miss something. Something barely misses you.
You miss something. Something hits you.
You barely miss something. Something hits you.
You hit something.
Something hits you but does no damage. x2
You hit something. Something completely misses you.
You closely miss something. Something hits you.
You barely miss something. Something hits you.
You miss something. Your peck misses something. Something hits you.
You barely miss something. Something hits you.
You slash something! Your peck misses something.
You hear the brisk rusting of a very distant drain.
You hear some strange, mumbled words.
You are confused.
You're too confused to attack without stumbling around!
There is a strange disturbance nearby!
You hear some strange, mumbled words.
A puff of flame appears from out of thin air!
The puff of flame hits you. You resist.
You're too confused to attack without stumbling around!
There is a strange disturbance nearby!
You hear some strange, mumbled words.
A magic dart appears from out of thin air!
The magic dart hits you.
You're too confused to attack without stumbling around!
There is a strange disturbance nearby!
Something hits you.
You're too confused to attack without stumbling around!
There is a strange disturbance nearby!
Something hits you.
You die...

...##..##..##.# #. ..(
#......#..# .. ...
##..).##..## #.
#.#..#o...#..... #.
#.##..........#. #.
#.#....##.###...
#.##'#.#####.####..
#.#.)..# #.......
##.@{!..## ######.#
.............## ##.##.#
.#.##.........####...#.#
+........%'.........
#.........####...#.#
##.......## ##.##.#
##.....## ####.# ##...##
#.# ##+# #.#


There were no monsters in sight!

Vanquished Creatures
  5 adders (D:2)
  2 dart slugs (D:2)
  2 orcs (D:3)
  5 ball pythons
  3 endoplasms
  3 giant cockroaches
  4 goblins
  4 hobgoblins (D:1)
  4 jackals
  5 kobolds
  4 quokkas (D:1)
  4 bats
  6 frilled lizards
  2 rats
  2 toadstools (D:2)
55 creatures vanquished.

Vanquished Creatures (others)
  7 fungi
  2 plants (D:1)
  2 toadstools (D:2)
11 creatures vanquished.

Grand Total: 66 creatures vanquished

Notes
Turn   | Place    | Note
-------+----------+-------------------------------------------
     0 | D:1      | qw the Tengu Warper began the quest for the Orb.
     0 | D:1      | Reached XP level 1. HP: 12/12 MP: 4/4
     0 | D:1      | 0 ||| qw: Version: 0.1-a-89-g26bdef1
     0 | D:1      | 0 ||| qw: Game counter: 624
     0 | D:1      | 0 ||| qw: Always use a shield: true
     0 | D:1      | 0 ||| qw: God list: Okawaru
     0 | D:1      | 0 ||| qw: Allow faded altars: false
     0 | D:1      | 0 ||| qw: Do Orc after D:15 true
     0 | D:1      | 0 ||| qw: Do second Lair branch before Depths: true
     0 | D:1      | 0 ||| qw: Lair rune preference: random
     0 | D:1      | 0 ||| qw: Plans: Normal
     0 | D:1      | 0 ||| PLANNING D:1-11
   150 | D:1      | Found a faded altar of an unknown god.
   156 | D:1      | Reached XP level 2. HP: 17/17 MP: 6/6
   186 | D:1      | 186 ||| Stepping ~*~*~tactically~*~*~ (stealth).
   187 | D:1      | 187 ||| Stepping ~*~*~tactically~*~*~ (stealth).
   191 | D:1      | Reached skill level 3 in Axes
   446 | D:1      | Found Ezxeapt's Magic Scroll Emporium.
   458 | D:1      | 458 ||| SHOPLISTING scroll of brand weapon (95 gold, have
                  | 47).
   458 | D:1      | 458 ||| BUYING scroll of identify (20 gold).
   458 | D:1      | Bought a scroll of identify for 20 gold pieces
   458 | D:1      | 458 ||| BUYING scroll of identify (20 gold).
   458 | D:1      | Bought a scroll of identify for 20 gold pieces
   458 | D:1      | 458 ||| SHOPLISTING scroll of teleportation (30 gold, have
                  | 7).
   548 | D:1      | 548 ||| Stepping ~*~*~tactically~*~*~ (stealth).
   761 | D:1      | Reached XP level 3. HP: 21/21 MP: 7/7
  1001 | D:1      | 1001 ||| UPGRADING to +4 ring of slaying {mikee}.
  1002 | D:1      | 1002 ||| READING scroll labelled GUGISCHU QAIRPH.
  1003 | D:1      | 1003 ||| READING scroll labelled TYZIEFI HYGALOSE.
  1004 | D:1      | 1004 ||| READING scroll labelled BAHUT FI KATU.
  1007 | D:1      | 1007 ||| READING 3 scrolls of identify.
  1007 | D:1      | 1007 ||| IDENTIFYING black potion
  1008 | D:1      | 1008 ||| READING 2 scrolls of identify.
  1008 | D:1      | 1008 ||| IDENTIFYING silvery potion
  1009 | D:1      | 1009 ||| DROPPING scroll of blinking.
  1010 | D:1      | 1010 ||| DROPPING potion of flight.
  1011 | D:1      | 1011 ||| DROPPING potion of magic.
  1101 | D:2      | 1101 ||| Stepping ~*~*~tactically~*~*~ (stealth).
  1102 | D:2      | 1102 ||| Stepping ~*~*~tactically~*~*~ (stealth).
  1106 | D:2      | Reached skill level 4 in Axes
  1124 | D:2      | 1124 ||| Stepping ~*~*~tactically~*~*~ (hiding).
  1169 | D:2      | 1169 ||| Stepping ~*~*~tactically~*~*~ (stealth).
  1245 | D:2      | 1245 ||| Stepping ~*~*~tactically~*~*~ (stealth).
  1260 | D:2      | 1260 ||| READING scroll labelled YMUPRIERAIQ.
  1270 | D:2      | Reached XP level 4. HP: 20/26 MP: 8/8
  1364 | D:2      | 1364 ||| READING 3 scrolls of enchant weapon.
  1364 | D:2      | 1364 ||| ENCHANTING +1 hand axe.
  1365 | D:2      | 1365 ||| READING 2 scrolls of enchant weapon.
  1365 | D:2      | 1365 ||| ENCHANTING +2 hand axe.
  1366 | D:2      | 1366 ||| READING scroll of enchant weapon.
  1366 | D:2      | 1366 ||| ENCHANTING +3 hand axe.
  1469 | D:2      | 1469 ||| Stepping ~*~*~tactically~*~*~ (stealth).
  1487 | D:2      | 1487 ||| Stepping ~*~*~tactically~*~*~ (stealth).
  1575 | D:2      | Reached skill level 5 in Axes
  1798 | D:2      | 1798 ||| DROPPING +0 club.
  1799 | D:2      | 1799 ||| UPGRADING to ring of protection from fire.
  1800 | D:2      | 1800 ||| READING scroll labelled PINOGGUADI.
  1801 | D:2      | 1801 ||| READING scroll labelled UPURRE CISHIO.
  1802 | D:2      | 1802 ||| READING 2 scrolls labelled JILIWO TIAFA.
  1803 | D:2      | 1803 ||| READING scroll labelled YTHRIU ESOU.
  1904 | D:2      | 1904 ||| DROPPING scroll of butterflies.
  1931 | D:3      | 1931 ||| PLANNING SEWER
  2035 | D:3      | Found a sacrificial altar of Ru.
  2041 | D:3      | 2041 ||| Stepping ~*~*~tactically~*~*~ (stealth).
  2046 | D:3      | 2046 ||| Stepping ~*~*~tactically~*~*~ (stealth).
  2047 | D:3      | 2047 ||| Stepping ~*~*~tactically~*~*~ (stealth).
  2048 | D:3      | 2048 ||| Stepping ~*~*~tactically~*~*~ (stealth).
  2061 | D:3      | 2061 ||| Stepping ~*~*~tactically~*~*~ (stealth).
  2089 | D:3      | 2089 ||| READING scroll of enchant weapon.
  2089 | D:3      | 2089 ||| ENCHANTING +4 hand axe.
  2143 | D:3      | 2143 ||| Stepping ~*~*~tactically~*~*~ (stealth).
  2145 | D:3      | 2145 ||| Stepping ~*~*~tactically~*~*~ (stealth).
  2185 | D:3      | 2185 ||| Stepping ~*~*~tactically~*~*~ (stealth).
  2217 | D:3      | 2217 ||| Stepping ~*~*~tactically~*~*~ (stealth).
  2262 | D:3      | 2262 ||| Stepping ~*~*~tactically~*~*~ (stealth).
  2282 | D:3      | HP: 4/26 [something/magic dart (3)]
  2283 | D:3      | HP: 1/26 [something (3)]
  2284 | D:3      | Slain by an orc wizard

Levels and vault maps discovered:
D:1:      minmay_arrival_arboretum_small, layout_loops_corners, serial_shops,
          nicolae_shop_hallway_stairs, shapermc_ecumenical_altar_hornbeckon
D:2:      layout_loops_ring, kennysheep_nub, minmay_gold_behind_fungi,
          minmay_tetromino_i4
D:3:      layout_loops_corners, nicolae_ru_sacrificial_ziggurat,
          lemuel_tele_altar, portal_sewer_entry_f, minmay_misc_feat_iff

Skill      XL: |  1  2  3  4 |
---------------+-------------+-----
Axes           | 3 4 5 |  5.3
Fighting       | |  2.0
Throwing       | |  1.0
Armour         | |  1.1
Dodging        | |  2.1
Spellcasting   | |  2.0
Translocations | |  2.4

Action                   |  1- 3 |  4- 6 || total
-------------------------+-------+-------++-------
Melee: Hand axe          |    52 |    23 ||    75
       Kick              |    11 |     6 ||    17
       Peck              |     5 |       ||     5
       Punch             |       |     1 ||     1
Throw: Boomerang         |    27 |    22 ||    49
  Use: Scroll            |     6 |     8 ||    14
 Stab: Sleeping          |     1 |       ||     1
Armor: Leather armour    |    13 |     6 ||    19
Dodge: Dodged            |    23 |    11 ||    34

Table legend:
 A = Non-vault XP
 B = Vault XP
 C = Vault XP percentage of total XP
 D = Non-vault monster count
 E = Vault monster count
 F = Vault count percentage of total count
                 A         B        C        D         E       F
            +---------+---------+-------+---------+---------+-------
      Total |     135 |      16 |  10.6 |      50 |       3 |   5.7
            +---------+---------+-------+---------+---------+-------
        D:1 |      36 |       0 |   0.0 |      20 |       0 |   0.0
        D:2 |      76 |      16 |  17.4 |      17 |       3 |  15.0
        D:3 |      23 |       0 |   0.0 |      13 |       0 |   0.0
            +---------+---------+-------+---------+---------+-------
